 Dungeon Crawl Stone Soup version 0.31.0-11-ge490571c62 (webtiles) character file.

Game seed: 665744217484398942

96 qw the Shooter (level 4, 0/25 HPs)
             Began as a Deep Elf Hunter on Feb 4, 2024.
             Slain by a hobgoblin (3 damage)
             ... led by Robin
             ... on level 3 of the Dungeon.
             The game lasted 00:00:06 (1930 turns).

qw the Shooter (Deep Elf Hunter)                    Turns: 1930, Time: 00:00:07

Health: 0/25       AC:  8    Str: 10    XL:     4   Next: 41%
Magic:  6/6        EV: 11    Int: 14    God:
Gold:   68         SH:  0    Dex: 24    Spells: 3/3 levels left

rFire   . . .        a - +0 shortbow
rCold   . . .        (shield currently unavailable)
rNeg    . . .        i - +0 ring mail
rPois   .            (no helmet)
rElec   .            e - +2 cloak
rCorr   .            (no gloves)
SInv    .            (no boots)
Will    .....        (no amulet)
Stlth   ++           h - +6 ring of dexterity
HPRegen 0.24/turn    (no ring)
MPRegen 0.10/turn

%: no passive effects
@: no status effects
A: no striking features
a: no special abilities


You were on level 3 of the Dungeon.
You visited 1 branch of the dungeon, and saw 3 of its levels.

You collected 68 gold pieces.


   Skills:
 - Level 1.5 Fighting
 + Level 7.8 Ranged Weapons
 - Level 2.4 Dodging
 - Level 1.2 Stealth


You had 3 spell levels left.
You didn't know any spells.
Your spell library was empty.

Inventory:

Hand Weapons
 a - a +0 shortbow (weapon)
Armour
 e - a +2 cloak (worn)
 i - a +0 ring mail (worn)
Jewellery
 h - a +6 ring of dexterity (left hand)
Potions
 d - a potion of heal wounds
 f - a potion of curing
 k - a potion of cancellation
 l - 2 potions of haste

Dungeon Overview and Level Annotations

Branches:
Dungeon (3/15)

Altars:


Message History

The goblins go into a battle-frenzy!
A goblin comes into view. It is wielding a +0 dagger.
You hear a shout!
You shoot an arrow. The hobgoblin shouts!
The arrow hits the goblin!
You kill the goblin!
Robin's horned helmet rattles.
Robin throws the goblin at you! The goblin hits you with a +0 dagger.
A hobgoblin comes into view.
The goblin barely misses you.
You shoot an arrow. The arrow barely misses the goblin.
A goblin comes into view. It is wielding a +0 dagger.
The goblin hits you but does no damage.
You shoot an arrow. The arrow closely misses the goblin.
A goblin comes into view. It is wielding a +0 club.
Robin throws the goblin at you! The goblin hits you but does no damage.
You shoot an arrow. The arrow barely misses the goblin.
The goblin closely misses you. The goblin misses you.
The goblin hits you with a +0 dagger.
You shoot an arrow. The arrow hits the goblin.
You kill the goblin!
The goblin barely misses you. x2
You shoot an arrow. The arrow hits the hobgoblin!
You kill the hobgoblin!
The goblin barely misses you. x2; The goblin hits you with a +0 dagger.
The goblin hits you but does no damage. Robin throws the goblin at you!
You shoot an arrow. The arrow barely misses Robin.
Robin says, "My army is invincible!"
Robin throws the goblin at you! The goblin misses you.
The goblin hits you with a +0 dagger.
You shoot an arrow. The arrow hits Robin.
You kill Robin!
The goblin barely misses you.
The hobgoblin hits you but does no damage.
The goblin hits you with a +0 dagger. The goblin hits you but does no damage.
You shoot an arrow. The arrow closely misses the hobgoblin.
The goblin hits you with a +0 club. The hobgoblin barely misses you.
The hobgoblin hits you.
You die...

...................
#######.###.#######
#. ...# #.#
#.#########.#
#...........#
#.#...####### #...#
#.gg# #.#@#
#.ggg.)....
..)....######
#.......# #.......#
#.......# #...$...#
#.......#


You could see 2 hobgoblins and 3 goblins.

Vanquished Creatures
  Robin (D:3)
  2 adders (D:2)
  A dart slug (D:1)
  A ribbon worm (D:2)
  2 ball pythons
  4 endoplasms
  A giant cockroach (D:2)
  13 goblins
  8 hobgoblins
  6 jackals
  5 kobolds
  3 quokkas
  A bat (D:1)
  7 frilled lizards
  2 rats
57 creatures vanquished.

Notes
Turn   | Place    | Note
-------+----------+-------------------------------------------
     0 | D:1      | qw the Deep Elf Hunter began the quest for the Orb.
     0 | D:1      | Reached XP level 1. HP: 12/12 MP: 3/3
     0 | D:1      | 0 ||| qw: Version: 0.3-a-160-g6735b56
     0 | D:1      | 0 ||| qw: Game counter: 4745
     0 | D:1      | 0 ||| qw: Melee chars always use a shield: true
     0 | D:1      | 0 ||| qw: God list: Okawaru
     0 | D:1      | 0 ||| qw: Allow faded altars: false
     0 | D:1      | 0 ||| qw: Do Orc after clearing Dungeon:15 true
     0 | D:1      | 0 ||| qw: Do second Lair branch before Depths: true
     0 | D:1      | 0 ||| qw: Lair rune preference: random
     0 | D:1      | 0 ||| qw: Goals: Normal
     0 | D:1      | 0 ||| PLANNING D:1-11
    48 | D:1      | Reached XP level 2. HP: 16/16 MP: 4/4
    95 | D:1      | Reached skill level 6 in Ranged Weapons
   478 | D:1      | Reached XP level 3. HP: 20/20 MP: 5/5
   799 | D:1      | 799 ||| UPGRADING to +1 cloak.
   804 | D:1      | 804 ||| UPGRADING to +0 ring mail.
   814 | D:1      | 814 ||| DROPPING +0 leather armour.
   815 | D:1      | 815 ||| DROPPING scarf of shadows.
   816 | D:1      | 816 ||| READING scroll labelled HOUGEE KERHUTA.
   917 | D:1      | 917 ||| READING scroll labelled MYOTAP EKORCHUSCH.
  1018 | D:1      | 1018 ||| DRINKING 2 metallic amethyst potions.
  1019 | D:1      | 1019 ||| DROPPING scroll of butterflies.
  1111 | D:2      | Reached skill level 7 in Ranged Weapons
  1338 | D:2      | Reached XP level 4. HP: 25/25 MP: 6/6
  1438 | D:2      | Found a faded altar of an unknown god.
  1862 | D:2      | 1862 ||| UPGRADING to +6 ring of dexterity.
  1863 | D:2      | 1863 ||| READING scroll labelled YNNU EVEIPH.
  1863 | D:2      | 1863 ||| ENCHANTING +1 cloak.
  1864 | D:2      | 1864 ||| READING scroll labelled COFUTEOFFA.
  1865 | D:2      | 1865 ||| READING scroll labelled TOEDIL VAOXTEMA.
  1866 | D:2      | 1866 ||| READING scroll labelled ESIDGH WIOTZIR.
  1866 | D:2      | 1866 ||| IDENTIFYING murky pink potion
  1867 | D:2      | 1867 ||| DRINKING 2 puce potions.
  1868 | D:2      | 1868 ||| DRINKING 2 golden potions.
  1869 | D:2      | 1869 ||| DRINKING 2 white potions.
  1870 | D:2      | 1870 ||| DROPPING potion of attraction.
  1919 | D:3      | Noticed Robin
  1929 | D:3      | Killed Robin
  1930 | D:3      | HP: 3/25 [goblin/+0 club[Robin] (4)]
  1930 | D:3      | Slain by a hobgoblin

Levels and vault maps discovered:
D:1:      lemuel_arrival_cross, layout_basic
D:2:      layout_basic, shapermc_ecumenical_altar_pompeii
D:3:      layout_basic, led_xom_imps, serial_shops, shop, uniq_pargi, uniq_robin

Skill      XL: |  1  2  3 |
---------------+----------+-----
Ranged Weapons | 6 7 |  7.8
Fighting       | |  1.5
Dodging        | |  2.4
Stealth        | |  1.2

Action                     |  1- 3 |  4- 6 || total
---------------------------+-------+-------++-------
   Fire: Shortbow          |   118 |    31 ||   149
    Use: Scroll            |     2 |     4 ||     6
         Potion            |     1 |     3 ||     4
 Armour: Leather armour    |     8 |       ||     8
         Ring mail         |     8 |    19 ||    27
  Dodge: Dodged            |    35 |    10 ||    45

Table legend:
 A = Non-vault XP
 B = Vault XP
 C = Vault XP percentage of total XP
 D = Non-vault monster count
 E = Vault monster count
 F = Vault count percentage of total count
                 A         B        C        D         E       F
            +---------+---------+-------+---------+---------+-------
      Total |     112 |      26 |  18.8 |      50 |       7 |  12.3
            +---------+---------+-------+---------+---------+-------
        D:1 |      50 |       0 |   0.0 |      28 |       0 |   0.0
        D:2 |      60 |       0 |   0.0 |      21 |       0 |   0.0
        D:3 |       2 |      26 |  92.9 |       1 |       7 |  87.5
            +---------+---------+-------+---------+---------+-------
